 Dungeon Crawl Stone Soup version 0.21.1-1-g345015f (webtiles) character file.

9690 sepiko the Severer (level 11, -1/160 HPs)
             Began as a Minotaur Berserker on Mar 12, 2018.
             Was a High Priest of Trog.
             Killed from afar by an electric eel (13 damage)
             ... with a bolt of electricity
             ... on level 11 of the Dungeon.
             The game lasted 00:30:10 (9843 turns).

sepiko the Severer (Minotaur Berserker)             Turns: 9843, Time: 00:30:11

Health: -1/160     AC: 15    Str: 28    XL:     11   Next: 26%
Magic:  3/3        EV:  8    Int:  4    God:    Trog [*****.]
Gold:   651        SH:  5    Dex: 12    Spells: 10/10 levels left

rFire    + . .     SeeInvis +   P - +3 battleaxe (antimagic)
rCold    + . .     Gourm    .   (shield currently unavailable)
rNeg     . . .     Faith    .   m - +0 plate armour
rPois    .         Spirit   .   (helmet restricted)
rElec    .         Reflect  +   l - scarf {rC+ rF+}
rCorr    .         Harm     .   I - +0 pair of gloves
MR       ++...                  (no boots)
Stlth    ..........             g - +5 amulet of reflection
HPRegen  1.36/turn              x - +3 ring of protection
MPRegen  0.08/turn              f - ring of see invisible

@: berserking, engulfed (cannot breathe), regenerating, very quick
A: retaliatory headbutt, horns 2
a: Berserk, Trog's Hand, Brothers in Arms, Burn Spellbooks, Renounce Religion


You were on level 11 of the Dungeon.
You worshipped Trog.
Trog was extremely pleased with you.
You were very hungry.

You visited 1 branch of the dungeon, and saw 11 of its levels.
You also visited: Ossuary.

You collected 651 gold pieces.

Inventory:

Hand Weapons
 G - a +2 war axe of freezing
 J - a +2 shortbow of freezing
 P - a +3 antimagic battleaxe (weapon)
Missiles
 H - 136 arrows (quivered)
Armour
 l - a scarf of resistance (worn)
 m - a +0 plate armour (worn)
 n - a +0 scale mail
 I - a +0 pair of gloves (worn)
Jewellery
 f - a ring of see invisible (right hand)
 g - a +5 amulet of reflection (around neck)
 i - an uncursed ring of protection from fire
 r - an uncursed amulet of the gourmand
 x - a +3 ring of protection (left hand)
 N - an uncursed ring of ice
Wands
 v - a wand of enslavement (4)
 w - a wand of random effects (95)
 E - a wand of paralysis (9)
 F - a wand of iceblast (8)
 O - a wand of clouds (3)
Scrolls
 a - 2 scrolls of teleportation
 h - a scroll of amnesia {unknown}
 j - 4 scrolls of fear
 k - a scroll of blinking {unknown}
 p - 5 scrolls of fog
 q - 3 scrolls of immolation
 s - 7 scrolls of enchant weapon
 u - 2 scrolls of remove curse
 y - a scroll of torment {unknown}
 C - 7 scrolls of identify
 L - a scroll of brand weapon {unknown}
 M - 2 scrolls of magic mapping {unknown}
Potions
 b - 4 potions of lignification
 d - 3 potions of haste
 e - a potion of agility
 o - a potion of ambrosia {unknown}
 t - a potion of berserk rage {unknown}
 z - 7 potions of curing
 B - 3 potions of heal wounds
 D - 3 potions of brilliance {unknown}
 K - a potion of cancellation {unknown}
 Q - 2 potions of flight
Comestibles
 c - 12 rations
 A - 4 chunks of flesh


   Skills:
 + Level 13.0 Fighting
 * Level 16.1 Axes
 - Level 2.4 Armour
 - Level 2.1 Dodging


You had 10 spell levels left.
You didn't know any spells.

Dungeon Overview and Level Annotations

Branches:
Dungeon (11/15)            Temple (0/1) D:4            Lair (0/6) D:8
    Orc (0/2) D:10

Altars:
Ashenzari
Cheibriados
Elyvilon
Qazlal
Ru
Trog
Vehumet


Innate Abilities, Weirdness & Mutations

You reflexively headbutt those who attack you in melee.
You have a pair of horns on your head.


Message History

You feel resistant to hostile enchantments.
You feel somewhat more hungry.
* * * LOW HITPOINT WARNING * * *
Your lungs strain for air!
The water elemental hits you.
* * * LOW HITPOINT WARNING * * *
The electric eel shoots out a bolt of lightning at you!
The bolt of electricity hits the water elemental.
The water elemental resists.
The bolt of electricity hits you!
* * * LOW HITPOINT WARNING * * *
A red film seems to cover your vision as you go berserk!
You feel yourself moving faster!
You feel mighty!
You are feeling hungry.
* * * LOW HITPOINT WARNING * * *
Your lungs strain for air!
You are feeling very hungry.
The electric eel shoots out a bolt of lightning at you!
The bolt of electricity hits the water elemental.
The water elemental resists.
The bolt of electricity hits you!
You die...

≈≈≈≈≈≈≈ ≈≈≈≈≈#≈≈≈≈≈≈≈≈
≈≈≈≈≈≈≈ ≈≈≈≈≈≈≈≈ ≈≈≈≈
..≈≈≈.. .≈≈.;.≈. ≈..≈
.......##.......##
..##
#...###..##.<##<..#
#...##.....##..#<##..#
... #..#....##...÷..#
. ##.#E##.#.#.###.#
.#@#..#..###..##
#####...### ### #####


You could see a water elemental (wandering) and an electric eel.

Vanquished Creatures
  Fannar (D:10)
  3 two-headed ogres
  Pikel (D:4)
  A komodo dragon (D:10)
  A hornet (D:8)
  A hippogriff (D:9)
  3 wraiths
  4 yaks (D:10)
  2 hungry ghosts (D:8)
  A porcupine (D:8)
  A water moccasin (D:8)
  3 sky beasts
  A slave (D:4)
  7 orc warriors
  A phantom (D:3)
  An ogre (D:5)
  2 crocodiles
  3 centaurs
  A big kobold (D:10)
  7 bullfrogs
  7 scorpions
  5 wights
  3 howler monkeys
  A crimson imp (D:7)
  5 bullfrog zombies
  7 hounds
  A quasit (D:10)
  2 bullfrog skeletons
  2 jellies
  4 centaur zombies
  5 orc wizards
  2 centaur skeletons
  7 orc priests
  2 iguanas
  6 worker ants
  A killer bee zombie (D:6)
  A hound skeleton (D:6)
  6 adders
  4 gnolls (D:6)
  3 shadow imps
  4 adder zombies
  4 adder skeletons
  3 worms
  A dart slug (D:3)
  2 leopard geckos
  40 orcs
  A ball python (D:2)
  8 bats
  5 giant cockroaches
  13 goblins
  7 hobgoblins
  7 jackals
  17 kobolds
  2 quokkas
  A ball python skeleton (Ossuary)
  7 frilled lizards
  2 hobgoblin skeletons (Ossuary)
  A hobgoblin zombie (Ossuary)
  2 jackal zombies (D:6)
  2 leopard gecko zombies (D:6)
  An orc skeleton (Ossuary)
  An orc zombie (Ossuary)
  4 quokka skeletons
  9 rats
263 creatures vanquished.

Vanquished Creatures (others)
  An ogre (D:4)
1 creature vanquished.

Grand Total: 264 creatures vanquished

Notes
Turn   | Place    | Note
-------+----------+-------------------------------------------
     0 | D:1      | sepiko the Minotaur Berserker began the quest for the Orb.
     0 | D:1      | Reached XP level 1. HP: 19/19 MP: 0/0
   115 | D:1      | Reached skill level 4 in Axes
   154 | D:1      | Reached XP level 2. HP: 20/27 MP: 1/1
  1145 | D:2      | Reached XP level 3. HP: 11/34 MP: 2/2
  1496 | D:2      | Found a sacrificial altar of Ru.
  1872 | D:2      | Reached ** piety under Trog
  2137 | D:3      | Found a stormy altar of Qazlal.
  2242 | D:3      | Reached XP level 4. HP: 41/41 MP: 3/3
  2291 | D:3      | Reached skill level 5 in Fighting
  2291 | D:3      | Reached skill level 5 in Axes
  2619 | D:3      | Reached XP level 5. HP: 50/50 MP: 4/4
  2697 | D:3      | Noticed a phantom
  2711 | D:3      | Killed a phantom
  2711 | D:3      | Reached skill level 6 in Axes
  2956 | D:4      | Reached XP level 6. HP: 57/57 MP: 5/5
  3054 | D:4      | Found a white marble altar of Elyvilon.
  3198 | D:4      | Reached *** piety under Trog
  3283 | D:4      | Noticed Pikel
  3284 | D:4      | Noticed a slave
  3284 | D:4      | Noticed a slave
  3284 | D:4      | Noticed a slave
  3285 | D:4      | Noticed a slave
  3301 | D:4      | Killed a slave
  3316 | D:4      | Killed Pikel
  3316 | D:4      | Reached skill level 8 in Axes
  3316 | D:4      | Reached XP level 7. HP: 48/66 MP: 6/6
  3427 | D:4      | Found a staircase to the Ecumenical Temple.
  3713 | D:5      | Entered Level 5 of the Dungeon
  3889 | D:5      | Reached skill level 9 in Axes
  4092 | D:5      | Reached XP level 8. HP: 74/74 MP: 7/7
  4735 | D:6      | Reached skill level 10 in Axes
  4791 | D:6      | Found a sand-covered staircase.
  4796 | Ossuary  | Entered an ossuary
  4928 | Ossuary  | Noticed a flying skull
  4937 | Ossuary  | Noticed a flying skull
  4957 | Ossuary  | Reached **** piety under Trog
  5005 | Ossuary  | Reached skill level 11 in Axes
  5013 | Ossuary  | Noticed a flying skull
  5015 | Ossuary  | Noticed a flying skull
  5195 | D:6      | Reached XP level 9. HP: 75/84 MP: 8/8
  5476 | D:6      | Found a bloodstained altar of Trog.
  5497 | D:6      | Noticed a two-headed ogre
  5502 | D:6      | Killed a two-headed ogre
  5502 | D:6      | Reached skill level 10 in Fighting
  5502 | D:6      | Reached skill level 12 in Axes
  5608 | D:6      | Found a radiant altar of Vehumet.
  6089 | D:7      | Found a snail-covered altar of Cheibriados.
  6210 | D:7      | Reached skill level 13 in Axes
  6910 | D:8      | Reached XP level 10. HP: 92/94 MP: 9/9
  7105 | D:8      | Noticed a two-headed ogre
  7113 | D:8      | Killed a two-headed ogre
  7113 | D:8      | Reached skill level 14 in Axes
  7176 | D:8      | Found a shattered altar of Ashenzari.
  7368 | D:8      | Found a staircase to the Lair.
  7415 | D:8      | Reached ***** piety under Trog
  7798 | D:9      | Found a snail-covered altar of Cheibriados.
  8267 | D:9      | Reached skill level 15 in Axes
  8320 | D:9      | Noticed a two-headed ogre
  8335 | D:9      | Killed a two-headed ogre
  8594 | D:10     | Entered Level 10 of the Dungeon
  8745 | D:10     | Reached XP level 11. HP: 91/105 MP: 10/10
  8968 | D:10     | Received a gift from Trog
  8998 | D:10     | Found a staircase to the Orcish Mines.
  9066 | D:10     | Noticed Fannar
  9078 | D:10     | Killed Fannar
  9078 | D:10     | Reached skill level 16 in Axes
  9843 | D:11     | Killed from afar by an electric eel

Skill      XL: |  1  2  3  4  5  6  7  8  9 10 11 |
---------------+----------------------------------+-----
Fighting       | 4 5 6 7 8 9 10 12 13 | 13.0
Axes           | 4 5 6 8 9 11 13 15 16 | 16.1
Armour         | |  2.4
Dodging        | |  2.1

Action                   |  1- 3 |  4- 6 |  7- 9 | 10-12 || total
-------------------------+-------+-------+-------+-------++-------
Melee: Hand axe          |   148 |    96 |       |       ||   244
       Headbutt          |    17 |    21 |    57 |    43 ||   138
       War axe           |       |    28 |   260 |   220 ||   508
       Battleaxe         |       |       |       |    12 ||    12
Invok: Berserk           |     2 |     2 |     3 |     4 ||    11
       Burn Spellbooks   |       |       |     2 |     1 ||     3
       Trog's Hand       |       |       |     1 |     2 ||     3
  Use: Scroll            |     1 |       |    10 |       ||    11
 Stab: Sleeping          |     1 |       |       |       ||     1
  Eat: Chunk             |     6 |     5 |    12 |    11 ||    34
       Ration            |       |       |     1 |     2 ||     3
Armor: Animal skin       |     5 |       |       |       ||     5
       Leather armour    |     7 |       |       |       ||     7
       Ring mail         |    13 |       |       |       ||    13
       Plate armour      |     8 |    55 |   125 |   118 ||   306
Dodge: Dodged            |    42 |     9 |    76 |    73 ||   200
Block: Large shield      |    80 |    44 |       |       ||   124
       Reflection        |     1 |       |     2 |     1 ||     4
       Other             |       |    10 |    46 |    30 ||    86
